 Dungeon Crawl Stone Soup version 0.28.0-53-g5a82cb258f (console) character file.

Game seed: 15641079381091817537

386 Hector the Magician (level 7, -6/53 HPs)
             Began as a Djinni Cinder Acolyte on Oct 17, 2022.
             Was a High Priest of Ignis.
             Mangled by an orc warrior
             ... wielding a +0 hand axe of venom
              (12 damage)
             ... on level 4 of the Dungeon.
             The game lasted 00:06:50 (3884 turns).

Hector the Magician (Djinni Cinder Acolyte)         Turns: 3884, Time: 00:06:50

Health: -6/53      AC:  2    Str: 13    XL:     7   Next: 6%
Gold:   199        EV: 11    Int: 18    God:    Ignis [*****.] SH:  0 Dex:  8

rFire   + + +      SeeInvis .   a - -1 spear (flame)
rCold   x . .      Faith    .   (no shield)
rNeg    . . .      Spirit   .   b - +0 robe
rPois   ∞          Reflect  .   (no helmet)
rElec   .          Harm     .   (no cloak)
rCorr   .          Rampage  .   (no gloves)
Will    .....                   (boots unavailable)
Stlth   +.........              (no amulet)
HPRegen 0.17/turn               (no ring)
MPRegen 0.00/turn               (no ring)

@: flying
A: sickness immunity, fire resistance 2, cold vulnerability 1, float, innate
caster, HP casting, extra vitality 1
a: Renounce Religion, Fiery Armour, Foxfire Swarm, Rising Flame


You were on level 4 of the Dungeon.
You worshipped Ignis.
Ignis was extremely pleased with you.
You visited 1 branch of the dungeon, and saw 4 of its levels.

You collected 199 gold pieces.

Inventory:

Hand Weapons
 a - a -1 spear of flaming (weapon)
 e - a +0 short sword
 i - a +0 spear
Missiles
 n - 17 stones
Armour
 b - a +0 robe (worn)
 q - a +2 chain mail of cold resistance
Scrolls
 d - a scroll of fear {unknown}
 h - 4 scrolls of identify {unknown}
 j - a scroll of noise {unknown}
 l - a scroll of enchant armour {unknown}
 r - 2 scrolls of magic mapping {unknown}
 s - a scroll of holy word {unknown}
 t - a scroll of immolation {unknown}
Potions
 c - a potion of magic
 f - a potion of invisibility {unknown}
 g - a potion of attraction {unknown}
 k - 2 potions of flight {unknown}
 m - a potion of cancellation {unknown}
 o - a potion of curing {unknown}
 p - a potion of lignification {unknown}


   Skills:
 * Level 4.5 Fighting
 - Level 2.4 Polearms
 * Level 1.3 Armour
 * Level 1.5 Dodging
 + Level 4.6 Spellcasting


You had 7 spell levels left.
You knew the following spells:

 Your Spells              Type           Power      Damage    Failure   Level
a - Magic Dart            Conj           80%        1d7       1%          1
b - Scorch                Fire           40%        2d7       3%          2
c - Corpse Rot            Necr/Air       40%        N/A       3%          2
d - Mephitic Cloud        Conj/Pois/Air  20%        N/A       6%          3
Your spell library was empty.

Dungeon Overview and Level Annotations

Branches:
Dungeon (4/15)             Temple (0/1) D:4

Altars:
Hepliaklqana


Innate Abilities, Weirdness & Mutations

You are immune to sickness and miasma.
You are immune to poison.
Your flesh is very heat resistant. (rF++)
You are vulnerable to cold. (rC-)
You float through the air rather than walking.
You learn spells naturally, not from books.
Your magical power is your life essence.
You have superior vitality. (+4 MHP)


Message History

The orc warrior is moderately wounded.
The orc warrior's fire resistance burns away.
An iguana comes into view.
An orc comes into view. It is wielding a +0 dagger.
The orc warrior barely misses you.
Casting: Scorch (safe; 3% risk of failure)
Press: ? - help, Q - select action, (/) - cycle Dir - look around, f - activate Flames lash the orc priest.
The orc priest is severely wounded.
The orc priest's fire resistance burns away.
The orc priest calls upon Beogh to heal the orc warrior.
The orc warrior is healed somewhat.
The orc warrior hits you with a +0 hand axe of venom!
Casting: Scorch (safe; 3% risk of failure)
Press: ? - help, Q - select action, (/) - cycle Dir - look around, f - activate Flames lash the orc priest.
The orc priest is burned terribly!
You kill the orc priest!
You have reached level 7!
The power to cast Mephitic Cloud wells up from within.
Spell assigned to 'd'.
Casting: Scorch (safe; 3% risk of failure)
Press: ? - help, Q - select action, (/) - cycle Dir - look around, f - activate Flames lash the orc.
You kill the orc!
The orc warrior barely misses you.
Unknown command.
Casting: Scorch (safe; 3% risk of failure)
Press: ? - help, Q - select action, (/) - cycle Dir - look around, f - activate Flames lash the orc.
The orc is lightly wounded.
The orc's fire resistance burns away.
The orc warrior is no longer more vulnerable to fire.
The orc warrior hits you with a +0 hand axe of venom!
* * * LOW HITPOINT WARNING * * *
The orc hits you with a +0 dagger.
* * * LOW HITPOINT WARNING * * *
Unknown command.
It was a potion of magic.
Magic washes over you without effect.
The orc warrior hits you with a +0 hand axe of venom!
You die...

... ........ ..# .......#
..# .......# ..# ......# ..#
###+ #.....# ..#######....
#.l...#
........#.###.#.....#
........+.#>#)'o....#.....
'#.....##.#+#.#o@...#.....##
.+.....# .... #.."..#......#
.#.....####+###.....#......#
.#.....#....#.......#......#
.#.....'....#.......#......#
.#.....#>...#.......#......+
.#.....#....#.......#.....<#
.#.....######.......##.....#
.#...................##+####


You could see an orc warrior, an iguana and an orc (combustible).

Vanquished Creatures
  A phantom (D:4)
  A scorpion (D:4)
  An orc priest (D:4)
  Jessica (D:2)
  An iguana (D:4)
  Terence (D:3)
  Natasha (twice) (D:4)
  3 gnolls (D:2)
  2 adders
  3 dart slugs (D:1)
  2 orcs
  3 endoplasms
  2 giant cockroaches
  4 goblins
  5 hobgoblins
  3 quokkas
  5 ball pythons
  9 bats
  2 frilled lizards
  2 kobolds
  A rat (D:1)
54 creatures vanquished.

Notes
Turn   | Place    | Note
-------+----------+-------------------------------------------
     0 | D:1      | Hector the Djinni Cinder Acolyte began the quest for the
                  | Orb.
     0 | D:1      | Reached XP level 1. HP: 20/20 MP: 0/0
   421 | D:1      | Reached XP level 2. HP: 22/25 MP: 0/0
   954 | D:1      | Reached XP level 3. HP: 14/30 MP: 0/0
   954 | D:1      | Learned a level 1 spell: Magic Dart
  1501 | D:2      | Noticed Jessica
  1507 | D:2      | Killed Jessica
  1508 | D:2      | Reached XP level 4. HP: 16/37 MP: 0/0
  2103 | D:2      | Reached XP level 5. HP: 37/41 MP: 0/0
  2103 | D:2      | Learned a level 2 spell: Corpse Rot
  2478 | D:3      | Noticed Terence
  2483 | D:3      | Killed Terence
  2698 | D:3      | Found a faded altar of an unknown god.
  2783 | D:3      | Found a hazy altar of Hepliaklqana.
  3383 | D:4      | Reached XP level 6. HP: 36/48 MP: 0/0
  3479 | D:4      | Noticed Natasha
  3487 | D:4      | Killed Natasha
  3589 | D:4      | Reached skill level 1 in Armour
  3589 | D:4      | Reached skill level 1 in Dodging
  3709 | D:4      | Noticed Natasha
  3710 | D:4      | Killed Natasha
  3877 | D:4      | Found a staircase to the Ecumenical Temple.
  3877 | D:4      | Noticed an orc warrior
  3882 | D:4      | Reached XP level 7. HP: 25/53 MP: 0/0
  3882 | D:4      | Learned a level 3 spell: Mephitic Cloud
  3884 | D:4      | Mangled by an orc warrior

Illustrated notes

Levels and vault maps discovered:
D:1:      lightli_arrival_statue_moat, layout_basic, minmay_tetromino_t4
D:2:      layout_rooms, uniq_jessica
D:3:      layout_loops_ring, mainiacjoe_overflow_alcove_1,
          shapermc_ecumenical_altar_flowoftime, uniq_terence
D:4:      layout_gridville, minmay_temple_entry_glassed_door, uniq_natasha

Skill      XL: |  1  2  3  4  5  6 |
---------------+-------------------+-----
Spellcasting   | 3 4 |  4.6
Fighting       | 4 |  4.5
Armour         | 1 |  1.3
Dodging        | 1 |  1.5
Polearms       | |  2.4

Action                   |  1- 3 |  4- 6 |  7- 9 || total
-------------------------+-------+-------+-------++-------
Melee: Spear             |    39 |       |       ||    39
 Cast: Scorch            |    17 |    28 |     2 ||    47
       Magic Dart        |    15 |    45 |       ||    60
  Use: Potion            |       |       |     1 ||     1
Armor: Robe              |     9 |     3 |       ||    12
Dodge: Dodged            |    24 |     6 |     1 ||    31
